[Event "ICC tourney 2163 (75 10)"]
[Site "Internet Chess Club"]
[Date "2020.11.29"]
[Round "7"]
[White "Gfprasanna"]
[Black "dopolian"]
[Result "1/2-1/2"]
[ICCResult "Game drawn because neither player has mating material"]
[WhiteElo "2135"]
[BlackElo "2269"]
[Opening "Giuoco Pianissimo: Italian four knights variation"]
[ECO "C50"]
[NIC "IG.02"]
[Time "11:02:21"]
[PlyCount "158"]
[TimeControl "4500+10"]


1. e4 e5 2. Nf3 Nc6 3. Bc4 Bc5 4. Nc3 Nf6 5. d3 h6 6. h3 d6 7. Be3 Bb6 8.
O-O O-O 9. d4 exd4 10. Nxd4 Re8 11. Nxc6 bxc6 12. Bxb6 axb6 13. Re1 b5 14.
Bd3 b4 15. Nb1 Nd7 16. Nd2 Qf6 17. Qc1 Nc5 18. Re3 d5 19. Rf3 Qd6 20. exd5
cxd5 21. Nf1 Ne6 22. Ng3 Ng5 23. Re3 Bd7 24. h4 Nh7 25. Rxe8+ Rxe8 26. Qd2
c5 27. Rd1 Nf6 28. c3 bxc3 29. bxc3 Qc6 30. Bc2 Qa6 31. Bb3 Be6 32. Re1 Kh8
33. a4 Rb8 34. Bd1 Qc4 35. a5 Qa6 36. Bc2 Qxa5 37. Qd3 Rb2 38. Bd1 Qa1 39.
Rf1 Rb1 40. Bc2 Rxf1+ 41. Nxf1 g6 42. Qe3 Kh7 43. Qxc5 Qc1 44. Bd3 h5 45.
Qe3 Qa1 46. f3 Kg8 47. Qd4 Nd7 48. Kh2 Qe1 49. Ng3 Ne5 50. Be2 Nd7 51. Bd3
Qd2 52. Bb5 Qxd4 53. cxd4 Nb6 54. Ne2 Kf8 55. Kg3 Nc8 56. Kf4 Nd6 57. Bd3
Kg7 58. g4 hxg4 59. fxg4 f6 60. Ng3 Kf7 61. Ne2 Nb7 62. Nc3 Na5 63. Ne2 Nb3
64. Bc2 Nd2 65. Ng3 Nc4 66. Bd3 Nd2 67. Bc2 Bd7 68. Bd3 Ba4 69. g5 Bd7 70.
gxf6 Kxf6 71. Be2 Nb3 72. Bf3 Be6 73. Ne2 Na5 74. Nc3 Nb3 75. Nxd5+ Bxd5
76. Bxd5 Nxd4 77. Be4 Ne6+ 78. Kg4 g5 79. hxg5+ Nxg5 { Game drawn because
neither player has mating material } 1/2-1/2

[Event "ICC tourney 2163 (75 10)"]
[Site "Internet Chess Club"]
[Date "2020.11.29"]
[Round "8"]
[White "ShadowApt"]
[Black "sriramk"]
[Result "0-1"]
[ICCResult "White resigns"]
[WhiteElo "2110"]
[BlackElo "2192"]
[Opening "Ruy Lopez: Wormald (Alapin) attack"]
[ECO "C77"]
[NIC "RL.12"]
[Time "14:46:24"]
[PlyCount "62"]
[TimeControl "4500+10"]


1. e4 e5 2. Nf3 Nc6 3. Bb5 a6 4. Ba4 Nf6 5. Qe2 b5 6. Bb3 Bc5 7. d3 d6 8.
O-O Na5 9. Be3 Bxe3 10. fxe3 Nxb3 11. axb3 O-O 12. Nbd2 Qe7 13. h3 d5 14.
exd5 Nxd5 15. e4 Nf4 16. Qe3 f6 17. d4 Bb7 18. Nh4 g6 19. Kh2 Rad8 20. d5
f5 21. g3 fxe4 22. c4 c6 23. gxf4 Qxh4 24. fxe5 cxd5 25. cxd5 Bxd5 26. Rxa6
Rxf1 27. Nxf1 Rf8 28. Nd2 Qf2+ 29. Qxf2 Rxf2+ 30. Kg1 Rxd2 31. e6 Kf8 {
White resigns } 0-1

[Event "ICC tourney 2163 (75 10)"]
[Site "Internet Chess Club"]
[Date "2020.11.29"]
[Round "8"]
[White "dpomerantz135"]
[Black "lmperatorX"]
[Result "1/2-1/2"]
[ICCResult "Game drawn by mutual agreement"]
[WhiteElo "2238"]
[BlackElo "2113"]
[Opening "Sicilian: Najdorf, Byrne (English) attack"]
[ECO "B90"]
[NIC "SI.14"]
[Time "14:46:29"]
[PlyCount "46"]
[TimeControl "4500+10"]


1. e4 c5 2. Nf3 d6 3. d4 cxd4 4. Nxd4 Nf6 5. Nc3 a6 6. Be3 e5 7. Nf3 Be7 8.
Bc4 O-O 9. O-O Be6 10. Bb3 b5 11. Nd5 Nxd5 12. Bxd5 Bxd5 13. Qxd5 Nd7 14.
Rfd1 Qc7 15. c3 Nf6 16. Qd3 h6 17. Nh4 d5 18. exd5 Rfd8 19. Nf5 Rxd5 20.
Nxe7+ Qxe7 21. Qe2 Rad8 22. Rxd5 Rxd5 23. Rd1 Qd7 { Game drawn by mutual
agreement } 1/2-1/2

[Event "ICC tourney 2163 (75 10)"]
[Site "Internet Chess Club"]
[Date "2020.11.29"]
[Round "8"]
[White "creepycrawlies"]
[Black "sathviks"]
[Result "1/2-1/2"]
[ICCResult "Game drawn by mutual agreement"]
[WhiteElo "2159"]
[BlackElo "2243"]
[Opening "King's Indian: fianchetto, Yugoslav Panno"]
[ECO "E66"]
[NIC "KI.67"]
[Time "14:47:16"]
[PlyCount "50"]
[TimeControl "4500+10"]


1. d4 Nf6 2. c4 g6 3. Nf3 Bg7 4. g3 O-O 5. Bg2 d6 6. O-O c5 7. Nc3 Nc6 8.
d5 Na5 9. Nd2 a6 10. Qc2 Bd7 11. b3 b5 12. Bb2 bxc4 13. bxc4 Rb8 14. Rab1
Qc7 15. Ba1 Rxb1 16. Rxb1 Rb8 17. e4 Ng4 18. Rxb8+ Qxb8 19. h3 Ne5 20. Nd1
Nf3+ 21. Bxf3 Bxa1 22. Bg4 Bxg4 23. hxg4 Qb4 24. Kf1 Bd4 25. Ke2 Kg7 { Game
drawn by mutual agreement } 1/2-1/2

[Event "ICC tourney 2163 (75 10)"]
[Site "Internet Chess Club"]
[Date "2020.11.29"]
[Round "8"]
[White "shianen"]
[Black "Blue-Elephant1"]
[Result "1/2-1/2"]
[ICCResult "Game drawn by mutual agreement"]
[WhiteElo "2197"]
[BlackElo "2113"]
[Opening "QGD Slav defense: exchange variation"]
[ECO "D10"]
[NIC "SL.01"]
[Time "14:46:23"]
[PlyCount "63"]
[TimeControl "4500+10"]


1. d4 d5 2. c4 c6 3. cxd5 cxd5 4. Nc3 Nf6 5. Bf4 a6 6. e3 Nc6 7. Be2 Bf5 8.
Nf3 e6 9. Qb3 Ra7 10. Ne5 Nxe5 11. Bxe5 Nd7 12. Bg3 Be7 13. Rc1 O-O 14. O-O
b5 15. Qd1 Nb6 16. Bd3 Bxd3 17. Qxd3 Qd7 18. Ne2 Bd6 19. Bxd6 Qxd6 20. Rc2
g6 21. Rfc1 Qd7 22. h3 Rb8 23. b3 Kg7 24. Rc5 Raa8 25. Qc3 Rc8 26. Qa5 Qb7
27. Rxc8 Rxc8 28. Qd2 Rc6 29. Rxc6 Qxc6 30. Qc3 Qxc3 31. Nxc3 Kf8 32. Kf1 {
Game drawn by mutual agreement } 1/2-1/2

[Event "ICC tourney 2163 (75 10)"]
[Site "Internet Chess Club"]
[Date "2020.11.29"]
[Round "8"]
[White "nithin"]
[Black "dopolian"]
[Result "0-1"]
[ICCResult "White resigns"]
[WhiteElo "2250"]
[BlackElo "2269"]
[Opening "English: symmetrical, three knights system"]
[ECO "A30"]
[NIC "EO.36"]
[Time "14:46:24"]
[PlyCount "72"]
[TimeControl "4500+10"]


1. Nf3 Nf6 2. c4 c5 3. Nc3 d5 4. cxd5 Nxd5 5. g3 Nc6 6. Bg2 Nc7 7. O-O e5
8. d3 Be7 9. Nd2 Bd7 10. a4 O-O 11. Nc4 f6 12. Be3 b6 13. Rc1 Rc8 14. f4
exf4 15. Bxf4 Ne6 16. Be3 Ncd4 17. Bf2 Bc6 18. Bxc6 Nxc6 19. Ne3 Kh8 20.
Ned5 f5 21. e4 Bg5 22. Be3 Bxe3+ 23. Nxe3 Qd4 24. Nd5 fxe4 25. Qg4 Nc7 26.
Rxf8+ Rxf8 27. Rc4 Nxd5 28. Rxd4 Nxe3 29. Qe2 cxd4 30. h3 Ne5 31. g4 Rf1+
32. Kh2 Rf2+ 33. Qxf2 N5xg4+ 34. hxg4 Nxg4+ 35. Kg3 Nxf2 36. Kxf2 e3+ {
White resigns } 0-1

[Event "ICC tourney 2163 (75 10)"]
[Site "Internet Chess Club"]
[Date "2020.11.29"]
[Round "8"]
[White "MiamiBoy"]
[Black "Terry1234"]
[Result "1-0"]
[ICCResult "Black resigns"]
[WhiteElo "2251"]
[BlackElo "2285"]
[Opening "Sicilian"]
[ECO "B56"]
[NIC "SI.25"]
[Time "14:46:30"]
[PlyCount "79"]
[TimeControl "4500+10"]


1. e4 c5 2. Nf3 d6 3. d4 cxd4 4. Nxd4 Nf6 5. Nc3 Nc6 6. f3 e5 7. Nb3 Be7 8.
Be3 O-O 9. Qd2 a5 10. Bb5 Na7 11. Bxa7 Rxa7 12. O-O-O Be6 13. Kb1 Nd7 14.
Qe3 Ra8 15. a4 Nb6 16. Nc5 Qc7 17. Nxe6 fxe6 18. Rd2 Rac8 19. Rhd1 Rfd8 20.
g3 h6 21. f4 Bf6 22. Rd3 d5 23. exd5 exd5 24. fxe5 Bxe5 25. Qe2 d4 26. Ne4
Nd5 27. Rf1 Ne3 28. Rf2 Rf8 29. c3 Rxf2 30. Qxf2 Rf8 31. Qe2 Rf1+ 32. Ka2
dxc3 33. Rxe3 Ra1+ 34. Kxa1 cxb2+ 35. Ka2 Qc1 36. Bc4+ Kh8 37. Bd3 Qa1+ 38.
Kb3 b5 39. axb5 a4+ 40. Kb4 { Black resigns } 1-0

[Event "ICC tourney 2163 (75 10)"]
[Site "Internet Chess Club"]
[Date "2020.11.29"]
[Round "8"]
[White "PawnEatingZombi"]
[Black "Markss1420"]
[Result "0-1"]
[ICCResult "White resigns"]
[WhiteElo "2219"]
[BlackElo "2108"]
[Opening "Queen's pawn: Keres defense"]
[ECO "A40"]
[NIC "QO.17"]
[Time "14:46:26"]
[PlyCount "70"]
[TimeControl "4500+10"]


1. d4 e6 2. c4 b6 3. e4 Bb4+ 4. Nc3 Bb7 5. Qc2 Qh4 6. Bd3 f5 7. Nf3 Qg4 8.
O-O Bxc3 9. h3 Qh5 10. bxc3 fxe4 11. Bxe4 Bxe4 12. Qxe4 Nc6 13. d5 Nf6 14.
Qe2 Na5 15. dxe6 O-O-O 16. e7 Rde8 17. Ba3 c5 18. Bc1 Nc6 19. Bf4 Rxe7 20.
Qd3 Rhe8 21. a4 Na5 22. Qd6 Kb7 23. Rfb1 Ka6 24. g4 Nxg4 25. Rxb6+ axb6 26.
Rb1 Nxc4 27. Qd3 d5 28. hxg4 Qxg4+ 29. Bg3 Re3 30. Qxd5 Rxf3 31. Qc6 Rxg3+
32. fxg3 Qxg3+ 33. Kh1 Qh3+ 34. Kg1 Qg4+ 35. Kh1 Qh5+ { White resigns } 0-1

[Event "ICC tourney 2163 (75 10)"]
[Site "Internet Chess Club"]
[Date "2020.11.29"]
[Round "8"]
[White "NyzhnykIllia"]
[Black "Sergeiaza"]
[Result "1/2-1/2"]
[ICCResult "Game drawn by repetition"]
[WhiteElo "2729"]
[BlackElo "2679"]
[Opening "Bishop's opening: Berlin defense"]
[ECO "C24"]
[NIC "IG.04"]
[Time "14:46:25"]
[PlyCount "117"]
[TimeControl "4500+10"]


1. e4 e5 2. Bc4 Nf6 3. d3 Nc6 4. Nc3 Bc5 5. Bg5 h6 6. Bh4 d6 7. Nd5 g5 8.
Bg3 Nxd5 9. Bxd5 Ne7 10. Bb3 Ng6 11. c3 Qf6 12. h3 h5 13. Qf3 Qxf3 14. Nxf3
h4 15. Bh2 f6 16. d4 Bb6 17. Rd1 Ke7 18. Ng1 Bd7 19. Bc4 a5 20. Ne2 Ba7 21.
f3 b5 22. Bd5 c6 23. Bb3 a4 24. Bc2 c5 25. d5 Nf4 26. Nxf4 gxf4 27. Bg1
Rhg8 28. Kf1 b4 29. c4 b3 30. axb3 axb3 31. Bd3 Bb6 32. Bf2 Ra2 33. Rb1 Rh8
34. Be1 Ba5 35. Bxa5 Rxa5 36. Kf2 Ra2 37. Rhc1 Rb8 38. Be2 Kd8 39. Bd1 Kc7
40. Rc3 Ba4 41. Ke2 Kd7 42. Kf2 Ke7 43. Ke1 f5 44. Kf2 Kf6 45. Kf1 Rb7 46.
Kf2 Ke7 47. Kf1 Kd8 48. Kf2 Kc7 49. Ke1 Kb8 50. Rd3 Kc8 51. Rc3 Kd8 52. Kf2
Ke7 53. Ke1 Kf6 54. Kf2 Rb8 55. Kf1 Rb7 56. Kf2 Rb8 57. Kf1 Rb7 58. Kf2 Rb8
59. Kf1 { Game drawn by repetition } 1/2-1/2

[Event "ICC tourney 2163 (75 10)"]
[Site "Internet Chess Club"]
[Date "2020.11.29"]
[Round "8"]
[White "savchess06"]
[Black "NightMovesTN"]
[Result "0-1"]
[ICCResult "White resigns"]
[WhiteElo "2082"]
[BlackElo "2394"]
[Opening "Pirc: classical system, 5.Be2"]
[ECO "B06"]
[NIC "PU.03"]
[Time "14:46:29"]
[PlyCount "136"]
[TimeControl "4500+10"]


1. e4 g6 2. d4 d6 3. Nc3 Bg7 4. Nf3 Nf6 5. Be2 O-O 6. O-O c6 7. a4 Qc7 8.
h3 Nbd7 9. Be3 b6 10. Re1 Bb7 11. Bf1 e5 12. dxe5 dxe5 13. Bc4 a6 14. Nd2
Rfd8 15. Qe2 b5 16. Bd3 Nf8 17. Nb3 Ne6 18. Nc5 Nxc5 19. Bxc5 Nd7 20. Be3
Nf8 21. g3 Ne6 22. Kg2 Rf8 23. Kg1 Rfe8 24. Nb1 Nd4 25. Qd1 Qd7 26. Bf1 Qe7
27. c3 Ne6 28. Nd2 h5 29. h4 Kh7 30. Nf3 f6 31. Qc2 Nc5 32. a5 Bh6 33. Bxh6
Kxh6 34. Rad1 Rad8 35. b4 Ne6 36. Qc1+ Kg7 37. Qe3 c5 38. c4 bxc4 39. Rxd8
Rxd8 40. Bxc4 Nd4 41. Nxd4 Rxd4 42. Bd5 Bxd5 43. exd5 Rxb4 44. f4 e4 45. f5
Rd4 46. Qf4 Rxd5 47. Rxe4 Qb7 48. fxg6 Rd1+ 49. Kf2 Qb1 50. Re7+ Kxg6 51.
Qe4+ Qxe4 52. Rxe4 Ra1 53. Re6 Rxa5 54. Rc6 Kf5 55. Kf3 Ke5 56. Kf2 Kd4 57.
Rxf6 c4 58. Rd6+ Rd5 59. Rxa6 c3 60. Rc6 Kd3 61. Ke1 c2 62. Rc8 Re5+ 63.
Kf2 Re4 64. Rc7 Rc4 65. Rd7+ Kc3 66. g4 c1=Q 67. gxh5 Rf4+ 68. Kg2 Qf1+ {
White resigns } 0-1

[Event "ICC tourney 2163 (75 10)"]
[Site "Internet Chess Club"]
[Date "2020.11.29"]
[Round "8"]
[White "GGuseinov"]
[Black "pandaexpress"]
[Result "1-0"]
[ICCResult "Black resigns"]
[WhiteElo "2715"]
[BlackElo "2420"]
[Opening "Sicilian: closed, 2...Nc6"]
[ECO "B23"]
[NIC "SI.44"]
[Time "14:46:24"]
[PlyCount "99"]
[TimeControl "4500+10"]


1. e4 c5 2. Nc3 Nc6 3. Bb5 Nd4 4. Nf3 g6 5. Ba4 Bg7 6. O-O a6 7. Nxd4 cxd4
8. Ne2 e6 9. d3 Ne7 10. f4 O-O 11. Qe1 f5 12. Bb3 Kh8 13. e5 Nc6 14. Qf2 d6
15. Nxd4 Nxd4 16. Qxd4 dxe5 17. Qxd8 Rxd8 18. fxe5 Bxe5 19. Bg5 Re8 20. c3
Bd7 21. Rae1 Bg7 22. d4 a5 23. a3 b5 24. Re3 Ra6 25. Rfe1 Kg8 26. Bf4 b4
27. d5 e5 28. Bxe5 Bxe5 29. Rxe5 Rxe5 30. Rxe5 bxc3 31. bxc3 Rb6 32. Bc4
Kf7 33. Kf2 Rb2+ 34. Re2 Rxe2+ 35. Bxe2 Kf6 36. Ke3 Ke5 37. c4 g5 38. h3
Be8 39. Bf3 h5 40. g3 g4 41. Bg2 gxh3 42. Bxh3 Ba4 43. Bg2 Bb3 44. Kd3 Ba2
45. Bf3 Bb3 46. Bxh5 Ba4 47. Bf3 Bb3 48. Kc3 Ba2 49. Be2 Bb1 50. Bd3 {
Black resigns } 1-0

[Event "ICC tourney 2163 (75 10)"]
[Site "Internet Chess Club"]
[Date "2020.11.29"]
[Round "8"]
[White "jy2020"]
[Black "josuevm"]
[Result "1/2-1/2"]
[ICCResult "Game drawn by mutual agreement"]
[WhiteElo "2218"]
[BlackElo "2272"]
[Opening "Sicilian: accelerated fianchetto, Breyer variation"]
[ECO "B39"]
[NIC "SI.33"]
[Time "14:46:33"]
[PlyCount "100"]
[TimeControl "4500+10"]


1. e4 c5 2. Nf3 Nc6 3. d4 cxd4 4. Nxd4 g6 5. c4 Bg7 6. Be3 Nf6 7. Nc3 Ng4
8. Qxg4 Nxd4 9. Qd1 Ne6 10. Qd2 Qa5 11. Rc1 b6 12. Be2 Bb7 13. f3 h5 14. a3
d6 15. O-O g5 16. Rfd1 h4 17. Nd5 Qxd2 18. Rxd2 Be5 19. h3 Rc8 20. Rcc2 Nf4
21. Nxf4 gxf4 22. Bf2 Rh5 23. b4 Bf6 24. Rc1 Bc6 25. Bd1 Bd7 26. Bb3 Be6
27. Rdc2 Kf8 28. Ba4 Kg7 29. c5 bxc5 30. bxc5 dxc5 31. Rxc5 Rhxc5 32. Rxc5
Rxc5 33. Bxc5 a6 34. Bd1 Bc4 35. Kf2 Kf8 36. Be2 Bxe2 37. Kxe2 Ke8 38. Kd3
Kd7 39. Kc4 e6 40. a4 Kc6 41. Bf2 Kd6 42. Be1 Kc6 43. Bd2 Be5 44. Bb4 Bf6
45. Bf8 e5 46. Ba3 Bd8 47. Bb2 Bc7 48. Bc3 Bd6 49. Be1 Be7 50. Bc3 Bd6 {
Game drawn by mutual agreement } 1/2-1/2

[Event "ICC tourney 2163 (75 10)"]
[Site "Internet Chess Club"]
[Date "2020.11.29"]
[Round "8"]
[White "phoenix10q72"]
[Black "Chessking2008"]
[Result "0-1"]
[ICCResult "White checkmated"]
[WhiteElo "2264"]
[BlackElo "2191"]
[Opening "Sicilian: dragon, Yugoslav attack, Rauser variation"]
[ECO "B76"]
[NIC "SI.17"]
[Time "14:46:26"]
[PlyCount "142"]
[TimeControl "4500+10"]


1. e4 c5 2. Nf3 d6 3. d4 cxd4 4. Nxd4 Nf6 5. Nc3 g6 6. Be3 Bg7 7. f3 O-O 8.
Qd2 Nc6 9. O-O-O d5 10. exd5 Nxd5 11. Nxc6 bxc6 12. Bd4 e5 13. Bc5 Be6 14.
Ne4 Re8 15. h4 h6 16. g4 Qc7 17. g5 h5 18. Bc4 Red8 19. Qf2 Qb7 20. Ba3 Qc7
21. Rhe1 a5 22. Rd2 Nf4 23. Bxe6 Nxe6 24. Bd6 Qa7 25. c3 Nf4 26. Red1 Qa6
27. Kb1 Qb7 28. Qc5 Ne6 29. Qe3 Qb5 30. Nf6+ Bxf6 31. gxf6 Qa4 32. Qxe5 Rd7
33. f4 Qb5 34. Qxb5 cxb5 35. Kc2 Rc8 36. b3 a4 37. Be5 axb3+ 38. axb3 Ra7
39. Rb1 Nc5 40. Rd5 Ne4 41. Kd3 Ng3 42. Bd4 Ra2 43. Rxb5 Rh2 44. Re5 Nf5
45. Rxf5 gxf5 46. Rg1+ Kh8 47. Rg5 Rh3+ 48. Ke2 Rxh4 49. Rxf5 Rh3 50. Kf2
Kh7 51. Kg2 Rh4 52. b4 Rg8+ 53. Kf3 Kh6 54. b5 Rh1 55. b6 Rf1+ 56. Ke4 h4
57. Rb5 h3 58. Rb2 Rh1 59. b7 h2 60. Kf5 Rb8 61. Be5 Rxb7 62. Rxb7 Rg1 63.
Rb8 Kh7 64. Rf8 h1=Q 65. Rxf7+ Kg8 66. Rg7+ Rxg7 67. fxg7 Kf7 68. Bd4 Qd5+
69. Be5 Qg2 70. Bd4 Qg6+ 71. Ke5 Qe6# { White checkmated } 0-1

[Event "ICC tourney 2163 (75 10)"]
[Site "Internet Chess Club"]
[Date "2020.11.29"]
[Round "8"]
[White "wolverine54"]
[Black "manest"]
[Result "1/2-1/2"]
[ICCResult "Game drawn by repetition"]
[WhiteElo "2286"]
[BlackElo "2718"]
[Opening "Pirc defense"]
[ECO "B07"]
[NIC "PU.08"]
[Time "14:46:30"]
[PlyCount "145"]
[TimeControl "4500+10"]


1. e4 d6 2. d4 Nf6 3. Nc3 e5 4. dxe5 dxe5 5. Qxd8+ Kxd8 6. Bg5 Be6 7.
O-O-O+ Nd7 8. Nf3 Kc8 9. a3 Ng4 10. Bh4 Bc5 11. Rd2 f6 12. h3 Nh6 13. Na4
Be7 14. Ne1 Nf7 15. f3 c6 16. c4 Nb6 17. Nxb6+ axb6 18. Nc2 Rd8 19. Be2 Ra4
20. Bf2 Bc5 21. Bxc5 bxc5 22. Rxd8+ Nxd8 23. b3 Ra8 24. Kb2 Bd7 25. h4 Ne6
26. g3 Kc7 27. Bf1 Rd8 28. Kc3 Bc8 29. Bh3 Nd4 30. Nxd4 cxd4+ 31. Kc2 Bxh3
32. Rxh3 Ra8 33. Kb2 Kd6 34. Rh1 Kc5 35. h5 d3 36. Kc3 Rxa3 37. Rd1 Ra2 38.
Rxd3 Rf2 39. b4+ Kb6 40. g4 g6 41. hxg6 hxg6 42. Kb3 Ka6 43. Ka4 Rf1 44.
Ka3 Kb6 45. Ka4 Kc7 46. Kb3 b6 47. Kb2 Rh1 48. Kc2 Rh4 49. Kc3 f5 50. exf5
gxf5 51. Re3 Kd6 52. Rd3+ Ke7 53. gxf5 Rf4 54. c5 bxc5 55. bxc5 Rxf5 56.
Kb4 Rf4+ 57. Ka5 Rd4 58. Rxd4 exd4 59. Kb4 Ke6 60. f4 Kf5 61. Kc4 Ke4 62.
f5 d3 63. Kc3 Ke3 64. f6 d2 65. f7 d1=Q 66. f8=Q Qc1+ 67. Kb3 Qb1+ 68. Kc3
Qd3+ 69. Kb4 Qb1+ 70. Kc3 Qd3+ 71. Kb4 Qb5+ 72. Kc3 Qd3+ 73. Kb4 { Game
drawn by repetition } 1/2-1/2

[Event "ICC tourney 2163 (75 10)"]
[Site "Internet Chess Club"]
[Date "2020.11.29"]
[Round "8"]
[White "BlueJay01"]
[Black "SkyAngel"]
[Result "1/2-1/2"]
[ICCResult "Game drawn by mutual agreement"]
[WhiteElo "2094"]
[BlackElo "2189"]
[Opening "English: Neo-Catalan accepted"]
[ECO "A13"]
[NIC "RE.10"]
[Time "14:46:48"]
[PlyCount "60"]
[TimeControl "4500+10"]


1. c4 e6 2. g3 d5 3. Bg2 Nf6 4. Nf3 dxc4 5. Qa4+ Bd7 6. Qxc4 Bc6 7. O-O Be7
8. Nc3 O-O 9. d4 Nbd7 10. Rd1 Nb6 11. Qd3 Bb4 12. Ne5 Bxg2 13. Kxg2 Nbd5
14. a3 Ba5 15. Bd2 Nxc3 16. Bxc3 Bxc3 17. bxc3 Qd5+ 18. f3 c5 19. e4 Qd6
20. Qb5 cxd4 21. cxd4 Qe7 22. Qb4 Qxb4 23. axb4 Rfd8 24. Kf2 a6 25. Ke3
Rac8 26. Rdc1 Kf8 27. Rab1 Ke7 28. Nc4 Rc6 29. Ne5 Rcc8 30. Nc4 Rc6 { Game
drawn by mutual agreement } 1/2-1/2

[Event "ICC tourney 2163 (75 10)"]
[Site "Internet Chess Club"]
[Date "2020.11.29"]
[Round "8"]
[White "RajeshCS"]
[Black "Gfprasanna"]
[Result "1/2-1/2"]
[ICCResult "Game drawn by mutual agreement"]
[WhiteElo "2310"]
[BlackElo "2135"]
[Opening "English opening"]
[ECO "A20"]
[NIC "EO.24"]
[Time "14:46:26"]
[PlyCount "106"]
[TimeControl "4500+10"]


1. c4 e5 2. g3 c6 3. Bg2 Nf6 4. Nf3 e4 5. Nd4 d5 6. cxd5 cxd5 7. O-O Bc5 8.
Nb3 Bb6 9. d3 Bf5 10. Nc3 h6 11. dxe4 Bxe4 12. Nxe4 Nxe4 13. Qd3 O-O 14.
Bxe4 dxe4 15. Qxe4 Nc6 16. Bf4 Re8 17. Qf3 Qf6 18. Rad1 Rad8 19. Rxd8 Rxd8
20. Qc3 Qe6 21. Re1 Ne7 22. Qf3 Nd5 23. Bd2 Nf6 24. e4 Ng4 25. Re2 Ne5 26.
Qf5 Qc4 27. Re1 Nd3 28. Rf1 Re8 29. Bc3 Qxe4 30. Qxe4 Rxe4 31. Kg2 Re2 32.
Nd4 Bxd4 33. Bxd4 Ne1+ 34. Kh3 Nf3 35. Bc3 g5 36. g4 Nh4 37. Re1 Rxe1 38.
Bxe1 f6 39. Bc3 Kf7 40. f4 Ng6 41. f5 Nf4+ 42. Kg3 Ne2+ 43. Kf3 Nxc3 44.
bxc3 Ke7 45. Ke4 Kd6 46. Kd4 b6 47. c4 Kc6 48. Kd3 Kc5 49. Kc3 a6 50. a3
Kd6 51. Kd4 Kc6 52. Kd3 Kc5 53. Kc3 Kd6 { Game drawn by mutual agreement }
1/2-1/2

[Event "ICC tourney 2163 (75 10)"]
[Site "Internet Chess Club"]
[Date "2020.11.29"]
[Round "8"]
[White "KRASAVCHIK"]
[Black "Gukesh"]
[Result "1-0"]
[ICCResult "Black resigns"]
[WhiteElo "2648"]
[BlackElo "2613"]
[Opening "Caro-Kann: Panov-Botvinnik attack"]
[ECO "B13"]
[NIC "CK.03"]
[Time "14:46:51"]
[PlyCount "139"]
[TimeControl "4500+10"]


1. e4 c6 2. d4 d5 3. exd5 cxd5 4. c4 Nf6 5. Nc3 Nc6 6. Bg5 Bg4 7. Be2 Bxe2
8. Ngxe2 dxc4 9. d5 Ne5 10. O-O g6 11. Qd4 Ned7 12. d6 Bg7 13. dxe7 Qxe7
14. Qxc4 O-O 15. Qh4 Qe5 16. Rad1 Rfe8 17. Nd4 Nb6 18. Nf3 Qf5 19. Nd4 Qe5
20. f4 Qe3+ 21. Kh1 Ne4 22. Nxe4 Qxe4 23. Rfe1 Qd5 24. Ne6 Qf5 25. Nxg7
Kxg7 26. Bh6+ Kg8 27. Rxe8+ Rxe8 28. Qd8 Qe6 29. h3 Nc4 30. Qd4 f6 31. f5
Qf7 32. fxg6 hxg6 33. Rf1 Re5 34. b3 Nb6 35. Qd8+ Kh7 36. Rxf6 Qe7 37.
Qxe7+ Rxe7 38. Bg5 Rd7 39. Rf4 Nd5 40. Rd4 Kg7 41. g4 Kf7 42. Kg2 Ke6 43.
Re4+ Kf7 44. Rc4 Ke6 45. Rc8 Kf7 46. h4 Nb4 47. Rc4 Nxa2 48. Rf4+ Kg7 49.
Ra4 Nc3 50. Rxa7 Nb5 51. Ra1 Rd4 52. Ra4 Rxa4 53. bxa4 Nd6 54. Kf3 Kf7 55.
Bf4 Nc4 56. Ke4 b6 57. Bc1 Ke6 58. h5 gxh5 59. gxh5 Na5 60. Be3 Nc4 61. Bd4
Nd6+ 62. Kd3 b5 63. a5 Kd7 64. h6 Nf7 65. h7 Kc7 66. Kc3 Kb7 67. Kb4 Ka6
68. Bc3 Kb7 69. Kxb5 Ka7 70. Kc6 { Black resigns } 1-0

[Event "ICC tourney 2163 (75 10)"]
[Site "Internet Chess Club"]
[Date "2020.11.29"]
[Round "8"]
[White "Enamul"]
[Black "Kalmyk"]
[Result "1/2-1/2"]
[ICCResult "Game drawn by repetition"]
[WhiteElo "2476"]
[BlackElo "2763"]
[Opening "Sicilian: Sveshnikov variation"]
[ECO "B33"]
[NIC "SI.38"]
[Time "14:46:26"]
[PlyCount "119"]
[TimeControl "4500+10"]


1. e4 c5 2. Nf3 Nc6 3. d4 cxd4 4. Nxd4 Nf6 5. Nc3 e5 6. Ndb5 d6 7. Bg5 a6
8. Na3 b5 9. Bxf6 gxf6 10. Nd5 f5 11. g3 fxe4 12. Bg2 Bg7 13. Bxe4 Rb8 14.
Qh5 h6 15. c3 O-O 16. g4 Ne7 17. Nc2 Nxd5 18. Bxd5 e4 19. Rg1 Qg5 20. Qxg5
hxg5 21. O-O-O Be5 22. h3 a5 23. Bxe4 b4 24. cxb4 axb4 25. Nd4 Kg7 26. Kb1
Rh8 27. Bg2 Bd7 28. Rge1 Rhc8 29. Bd5 Rc5 30. Nf3 Bf4 31. b3 Rc3 32. Re7
Be8 33. h4 Kf8 34. Ree1 gxh4 35. Nxh4 Bb5 36. Be4 Re8 37. Ng2 Bh2 38. Bf5
Rf3 39. Rd2 Be5 40. Re3 Bc3 41. Rxf3 Bxd2 42. Ne3 Bc6 43. Rh3 Be4+ 44. Bxe4
Rxe4 45. Nf5 Bc3 46. Rd3 Re1+ 47. Kc2 Re2+ 48. Kd1 Re1+ 49. Kc2 Re2+ 50.
Kc1 Be5 51. Nxd6 Rxf2 52. Nf5 f6 53. Rd8+ Kf7 54. Ra8 Kg6 55. Rg8+ Kf7 56.
Ra8 Kg6 57. Rg8+ Kf7 58. Ra8 Kg6 59. Rg8+ Kf7 60. Ra8 { Game drawn by
repetition } 1/2-1/2

[Event "ICC tourney 2163 (75 10)"]
[Site "Internet Chess Club"]
[Date "2020.11.29"]
[Round "9"]
[White "sriramk"]
[Black "dpomerantz135"]
[Result "0-1"]
[ICCResult "White resigns"]
[WhiteElo "2192"]
[BlackElo "2238"]
[Opening "Sicilian: Taimanov variation"]
[ECO "B48"]
[NIC "SI.40"]
[Time "18:33:17"]
[PlyCount "64"]
[TimeControl "4500+10"]


1. e4 c5 2. Nf3 e6 3. d4 cxd4 4. Nxd4 Nc6 5. Nc3 Qc7 6. Be3 a6 7. Qf3 d6 8.
O-O-O Bd7 9. g3 Nf6 10. h3 Rc8 11. Kb1 b5 12. a3 Ne5 13. Qg2 Nc4 14. Bxc4
Qxc4 15. Qf1 Qxf1 16. Rhxf1 e5 17. Nde2 Bxh3 18. Rfe1 Bg2 19. f4 Nxe4 20.
fxe5 Nxc3+ 21. Nxc3 dxe5 22. Rd2 Bc6 23. g4 Be7 24. g5 f6 25. gxf6 gxf6 26.
Rg1 Kf7 27. Rh2 Rcg8 28. Rxg8 Kxg8 29. Ne2 Kf7 30. Ng3 h5 31. Rxh5 Rxh5 32.
Nxh5 f5 { White resigns } 0-1

[Event "ICC tourney 2163 (75 10)"]
[Site "Internet Chess Club"]
[Date "2020.11.29"]
[Round "9"]
[White "Chessking2008"]
[Black "NightMovesTN"]
[Result "0-1"]
[ICCResult "White checkmated"]
[WhiteElo "2191"]
[BlackElo "2394"]
[Opening "Modern defense: Averbakh system, Kotov variation"]
[ECO "A10"]
[NIC "KF.03"]
[Time "18:34:05"]
[PlyCount "136"]
[TimeControl "4500+10"]


1. c4 g6 2. e4 Bg7 3. d4 d6 4. Nc3 Nc6 5. Be3 e5 6. d5 Nce7 7. Nf3 f5 8.
exf5 gxf5 9. Ng5 Nf6 10. Be2 O-O 11. f3 Ng6 12. c5 h6 13. Ne6 Bxe6 14. dxe6
d5 15. Qb3 Rb8 16. O-O-O c6 17. Bd3 Ne7 18. Be2 Qc8 19. f4 e4 20. Bd4 Ne8
21. Bh5 Qxe6 22. Bxe8 Rfxe8 23. Ne2 Ng6 24. Qe3 b6 25. Bxg7 Kxg7 26. Nd4
Qf6 27. Qc3 Kh7 28. g3 Nf8 29. cxb6 Rxb6 30. Rhe1 Nd7 31. Nb3 Qxc3+ 32.
bxc3 Kg6 33. Re3 Nf8 34. Kc2 Ne6 35. h3 Rd8 36. g4 c5 37. gxf5+ Kxf5 38.
Rde1 Rdb8 39. c4 Nd4+ 40. Kc1 Nxb3+ 41. axb3 Rxb3 42. cxd5 Rxe3 43. Rxe3
Rd8 44. Ra3 Rxd5 45. Ra6 h5 46. Rxa7 Kxf4 47. Rf7+ Rf5 48. Re7 e3 49. Kd1
Kf3 50. Ke1 Rf4 51. Rh7 h4 52. Rc7 Rc4 53. Rf7+ Ke4 54. Re7+ Kd3 55. Rd7+
Rd4 56. Ra7 c4 57. Ra2 c3 58. Kd1 Rf4 59. Rd2+ Ke4 60. Re2 Rf1+ 61. Kc2 Rf2
62. Rxf2 exf2 63. Kxc3 f1=Q 64. Kb4 Qc1 65. Ka5 Qb2 66. Ka6 Kd5 67. Ka7 Kc6
68. Ka8 Qb7# { White checkmated } 0-1